 Dungeon Crawl Stone Soup version 0.26-a0-606-g3c8f2f65f7 (webtiles) character file.

Game seed: 9963662387703504005

17621 CheeseGod the Frost Mage (level 12, -11/74 HPs)
             Began as a Merfolk Ice Elementalist on Sept 1, 2020.
             Was an Elder of Ashenzari.
             Mangled by a swamp worm (14 damage)
             ... on level 2 of the Lair of Beasts.
             The game lasted 01:57:22 (20392 turns).

CheeseGod the Frost Mage (MfIE)                    Turns: 20392, Time: 01:57:23

Health: -11/74     AC:  8    Str:  8    XL:     12   Next: 49%
Magic:  12/27      EV: 20    Int: 28    God:    Ashenzari [****..]
Gold:   631        SH:  0    Dex: 15    Spells: 12/33 levels left

rFire    . . .     SeeInvis +   d - +11 quarterstaff "CheeseGod's Bane" {freeze, rN+} (curse)
rCold    . . .     Faith    .   (shield currently unavailable)
rNeg     + . .     Spirit   .   t - +2 robe {MR+} (curse)
rPois    +         Reflect  .   E - +1 helmet {Int+3} (curse)
rElec    .         Harm     .   l - +0 cloak
rCorr    .         Clarity  +   F - +0 pair of gloves
MR       +....                  (no boots)
Stlth    +++.......             (no amulet)
HPRegen  0.22/turn              i - ring of poison resistance
MPRegen  0.20/turn              m - +6 ring of intelligence (curse)

@: no status effects
A: change form in water, swift swim, stealthy swim
a: Curse Item, Scrying, Renounce Religion


You were on level 2 of the Lair of Beasts.
You worshipped Ashenzari.
Ashenzari was greatly pleased with you.
You visited 2 branches of the dungeon, and saw 13 of its levels.

You collected 829 gold pieces.
You spent 198 gold pieces at shops.

Inventory:

Hand Weapons
 d - the cursed +11 quarterstaff "CheeseGod's Bane" (weapon) {freeze, rN+}
   (You found it on level 11 of the Dungeon)

   It has been specially enchanted to freeze those struck by it, causing extra
   injury to most foes and up to half again as much damage against particularly
   susceptible opponents.
   It can also slow down cold-blooded creatures.
   It protects you from negative energy.
   It has a curse placed upon it.
 A - a +6 morningstar
Armour
 l - a +0 cloak (worn)
 t - a cursed +2 robe of magic resistance (worn)
 E - a cursed +1 helmet of intelligence (worn)
 F - a +0 pair of gloves (worn)
Jewellery
 c - an uncursed ring of protection from cold
 f - an uncursed ring of magical power
 i - a ring of poison resistance (left hand)
 m - a cursed +6 ring of intelligence (right hand)
 y - an uncursed ring of resist corrosion
Wands
 k - a wand of paralysis (13)
 n - a wand of disintegration (27)
 p - a wand of flame (5)
 q - a wand of enslavement (7)
 r - a wand of polymorph (11)
 B - a wand of iceblast (20)
Scrolls
 e - a scroll of random uselessness
 g - 4 scrolls of identify
 j - 2 scrolls of noise
 s - 2 scrolls of teleportation
 u - 2 scrolls of enchant armour {unknown}
 D - 2 scrolls of blinking
 G - 2 scrolls of amnesia
 H - 2 scrolls of magic mapping
 I - 2 scrolls of remove curse
 J - a scroll of enchant weapon
Potions
 a - a potion of curing
 b - a potion of invisibility
 h - 2 potions of flight
 o - a potion of might
 w - a potion of berserk rage
 z - 2 potions of haste


   Skills:
 - Level 2.7(2.9) Maces & Flails
 - Level 1.0(4.0) Staves
 * Level 11.7 Dodging
 - Level 5.7 Stealth
 + Level 11.2 Spellcasting
 - Level 1.9 Conjurations
 + Level 0.1 Hexes
 + Level 3.4 Summonings
 + Level 12.6 Ice Magic
 + Level 1.7 Evocations


You had 12 spell levels left.
You knew the following spells:

 Your Spells              Type           Power        Failure   Level
a - Freeze                Ice            ####         1%          1
b - Frozen Ramparts       Ice            ######       1%          3
c - Ozocubu's Armour      Ice            ######..     1%          3
d - Summon Ice Beast      Ice/Summ       ######..     1%          4
e - Hailstorm             Conj/Ice       ######..     1%          4
f - Ensorcelled Hibernat  Hex/Ice        ######       1%          2
g - Call Imp              Summ           #####...     1%          2
h - Blink                 Tloc           N/A          5%          2

Your spell library contained the following spells:

 Spells                   Type           Power        Failure   Level
 Magic Dart               Conj           ####         1%          1
 Corona                   Hex            ###....      3%          1
 Sting                    Tmut/Pois      ###.         3%          1
 Slow                     Hex            ###.....     4%          2
 Poisonous Vapours        Pois/Air       ###...       5%          2
 Conjure Flame            Conj/Fire      ###.....     7%          3
 Dazzling Flash           Conj/Hex       ###...       7%          3
 Mephitic Cloud           Conj/Pois/Air  ###.....     9%          3
 Confusing Touch          Hex            ###.....     10%         3
 Tukima's Dance           Hex            ###.....     10%         3
 Ignite Poison            Fire/Tmut/Pois ###.....     11%         3
 Summon Lightning Spire   Summ/Air       ####....     17%         4
 Olgreb's Toxic Radiance  Pois           ###.....     34%         4
 Silence                  Hex/Air        ###.......   67%         5
 Conjure Ball Lightning   Conj/Air       ###.......   98%         6
 Tornado                  Air            ###.......   100%        9


Dungeon Overview and Level Annotations

Branches:
Dungeon (11/15)            Temple (0/1) D:7            Lair (2/6) D:11
    Orc (0/2) D:11
  Swamp: Lair:2-4    Shoals: Lair:2-4     Snake: Lair:2-4    Spider: Lair:2-4

Altars:
Ashenzari
Hepliaklqana

Shops:
D:5 (   D:10 ?

Annotations:
D:6 Menkaure


Message History

The demonic crawler hits you.
* * * LOW HITPOINT WARNING * * *
Your ice beast hits the demonic crawler but does no damage.
Casting: Hailstorm (dangerous; 1% risk of failure)
Confirm with . or Enter, or press ? or * to list all spells.
You blink.
Your ice beast disappears in a puff of smoke!
As you read the scroll of teleportation, it crumbles to dust.
You feel strangely unstable.
Your surroundings suddenly seem different.
Found 24 gold pieces.
Found two stone staircases leading down.
A four-headed hydra comes into view.
The swamp worm fires a harpoon shot at you.
The harpoon shot hits you!
* * * LOW HITPOINT WARNING * * *
You are yanked forward by the harpoon shot.
Found a +0 ring mail.
The swamp worm bites you!
You die...

, * , ,, ,, ,, ,,
*, ......# , , , ,
, * ......# * , ,,
* ,, , *
.....P###..[.....
, ,,
##..[.............
**, , ,,,,
#.................
,,, ,,, ,
$........ .......
** , , ,
##w....... .......
,,,,, ,,, #@....#
*,** #.... , , ,
,* #.....# **
#.... *
,*####..D.#
####.... **
,,..#.P#...>#
##.#..... * * ,
,..........#
#........ ###* * ,
.>........#
#.......รท ..P,,*
..........#
#........ ..., ,
..........#
#........ ...,,,
*..........#
#.........


You could see a four-headed hydra (asleep) and a swamp worm.

Vanquished Creatures
  A hydra (Lair:1)
  A two-headed ogre (D:11)
  An unseen horror (D:11)
  A cyclops (D:11)
  A black mamba (Lair:2)
  A cane toad (Lair:1)
  A komodo dragon (Lair:1)
  A hornet (D:11)
  4 blink frogs (D:11)
  A spriggan (D:11)
  A shadow (D:11)
  10 yaks
  Eustachio (D:4)
  A wyvern (D:8)
  Grum (D:11)
  3 water moccasins
  3 porcupines
  12 orc warriors
  2 black bears (D:11)
  2 sky beasts
  An ogre (D:6)
  2 ice beasts
  A necrophage (D:6)
  24 wolves
  2 centaurs
  3 crocodiles
  A big kobold (D:10)
  5 bullfrogs
  A wyvern skeleton (D:11)
  A water moccasin skeleton (D:6)
  14 killer bees
  9 wights
  4 electric eels (D:11)
  A bullfrog zombie (D:6)
  A howler monkey (D:8)
  A centaur zombie (D:5)
  3 bullfrog skeletons
  13 orc priests
  Ijyb (D:4)
  A centaur skeleton (D:6)
  2 hounds
  3 worker ants
  2 iguanas
  22 orc wizards
  Natasha (thrice) (D:3)
  A hound zombie (D:6)
  3 hound skeletons
  A worker ant zombie (D:5)
  11 adders
  7 gnolls
  A shadow imp (D:8)
  A white imp (D:6)
  An ufetubus (D:5)
  An ooze (D:4)
  An adder skeleton (D:3)
  2 worms (D:4)
  A leopard gecko (D:4)
  59 orcs
  4 bats
  4 giant cockroaches (D:4)
  6 goblins
  4 hobgoblins
  A quokka (D:3)
  8 frilled lizards
  A jackal skeleton (D:6)
  10 kobolds
  A quokka skeleton (D:4)
  4 rats
303 creatures vanquished.

Vanquished Creatures (collateral kills)
  A hydra (Lair:1)
  3 two-headed ogres
  A komodo dragon (Lair:1)
  3 blink frogs (Lair:2)
  A wyvern (D:11)
  2 yaks
  A water moccasin (Lair:1)
  A porcupine (D:11)
  An ice beast (D:9)
  An ogre (D:9)
  A black bear (D:11)
  A phantom (D:7)
  8 wolves
  2 centaurs
  2 bullfrogs
  A killer bee (D:9)
  A wight (D:11)
  3 orc priests
  2 orc wizards
  A shadow imp (D:5)
  An ufetubus (D:7)
  4 orcs
  A quokka (D:9)
43 creatures vanquished.

Vanquished Creatures (others)
  A bullfrog (Lair:2)
  57 fungi
  63 plants
121 creatures vanquished.

Grand Total: 467 creatures vanquished

Notes
Turn   | Place    | Note
-------+----------+-------------------------------------------
     0 | D:1      | CheeseGod the Merfolk Ice Elementalist began the quest for
                  | the Orb.
     0 | D:1      | Reached XP level 1. HP: 13/13 MP: 3/3
   399 | D:1      | Reached XP level 2. HP: 14/19 MP: 0/5
  1252 | D:2      | Reached skill level 5 in Ice Magic
  1311 | D:2      | Reached XP level 3. HP: 24/24 MP: 4/6
  1536 | D:2      | Learned a level 3 spell: Frozen Ramparts
  2163 | D:3      | Learned a level 3 spell: Ozocubu's Armour
  2489 | D:3      | Reached XP level 4. HP: 30/30 MP: 5/7
  2900 | D:3      | Noticed Natasha
  2904 | D:3      | Killed Natasha
  3009 | D:3      | Reached XP level 5. HP: 25/35 MP: 0/9
  3166 | D:3      | Noticed Natasha
  3171 | D:3      | Killed Natasha
  3318 | D:3      | Found a faded altar of an unknown god.
  3320 | D:3      | Became a worshipper of Ashenzari the Shackled
  3320 | D:3      | Reached * piety under Ashenzari
  3334 | D:3      | Noticed Natasha
  3341 | D:3      | Killed Natasha
  3434 | D:3      | Reached skill level 6 in Ice Magic
  3928 | D:4      | Found a hazy altar of Hepliaklqana.
  4112 | D:4      | Reached XP level 6. HP: 28/41 MP: 11/11
  4427 | D:4      | Noticed Ijyb
  4439 | D:4      | Killed Ijyb
  4534 | D:4      | Reached XP level 7. HP: 44/46 MP: 13/13
  5154 | D:5      | Entered Level 5 of the Dungeon
  5154 | D:5      | Noticed Eustachio
  5254 | D:4      | Killed Eustachio
  5254 | D:4      | Reached skill level 7 in Ice Magic
  5591 | D:5      | Reached skill level 5 in Spellcasting
  5615 | D:5      | Reached XP level 8. HP: 33/52 MP: 10/15
  6480 | D:5      | Found Qubu's Antique Weapon Emporium.
  6490 | D:5      | Reached skill level 5 in Dodging
  6490 | D:5      | Reached skill level 5 in Stealth
  7108 | D:6      | Reached ** piety under Ashenzari
  7705 | D:6      | Reached skill level 8 in Ice Magic
  7925 | D:6      | Reached XP level 9. HP: 55/55 MP: 18/18
  8194 | D:6      | Reached skill level 1 in Evocations
  8991 | D:6      | Noticed Menkaure
  9511 | D:6      | Learned a level 4 spell: Summon Ice Beast
  9516 | D:6      | Learned a level 4 spell: Hailstorm
  9630 | D:7      | Found a staircase to the Ecumenical Temple.
 10569 | D:8      | Reached skill level 9 in Ice Magic
 10884 | D:8      | Reached skill level 1 in Summonings
 10943 | D:8      | Got the uncursed robe of Okawaru's Hatred {rC+ Str+4}
 11369 | D:8      | Reached skill level 1 in Maces & Flails
 11373 | D:8      | Reached XP level 10. HP: 63/63 MP: 21/21
 12534 | D:9      | Identified the +1 robe of Okawaru's Hatred {rC+ Str+4} (You
                  | found it on level 8 of the Dungeon)
 12651 | D:9      | Reached *** piety under Ashenzari
 12662 | D:9      | Reached skill level 10 in Ice Magic
 13226 | D:10     | Entered Level 10 of the Dungeon
 13226 | D:10     | Noticed a two-headed ogre
 13235 | D:10     | Killed a two-headed ogre
 13574 | D:10     | Reached skill level 1 in Conjurations
 13667 | D:10     | Found Numuzel's Magic Scroll Boutique.
 13673 | D:10     | Bought a scroll of remove curse for 36 gold pieces
 13673 | D:10     | Bought a scroll of remove curse for 36 gold pieces
 13673 | D:10     | Bought a scroll of enchant weapon for 90 gold pieces
 13673 | D:10     | Bought a scroll of remove curse for 36 gold pieces
 13676 | D:10     | Learned a level 2 spell: Ensorcelled Hibernation
 14177 | D:10     | Found the +10 tower shield of Ignorance {rN+ Int-4}
 14262 | D:11     | Noticed an unseen horror
 14265 | D:11     | Noticed a two-headed ogre
 15105 | D:11     | Found a staircase to the Orcish Mines.
 15313 | D:11     | Noticed a two-headed ogre
 15318 | D:11     | Killed a two-headed ogre
 15318 | D:11     | Reached XP level 11. HP: 68/68 MP: 19/24
 15321 | D:11     | Found a staircase to the Lair.
 15362 | D:11     | Killed an unseen horror
 15362 | D:11     | Reached skill level 11 in Ice Magic
 15708 | D:11     | Noticed a cyclops
 15717 | D:11     | Identified the +11 quarterstaff "CheeseGod's Bane" {freeze,
                  | rN+}
 15744 | D:11     | Killed a cyclops
 15744 | D:11     | Reached skill level 10 in Dodging
 16240 | D:11     | Killed a two-headed ogre
 16394 | D:11     | Reached **** piety under Ashenzari
 16448 | D:11     | Noticed Grum
 16448 | D:11     | Noticed a two-headed ogre
 16453 | D:11     | Killed Grum
 16462 | D:11     | Killed a two-headed ogre
 17082 | Lair:1   | Entered Level 1 of the Lair of Beasts
 17091 | D:11     | Reached skill level 10 in Spellcasting
 17372 | Lair:1   | Noticed a spriggan rider
 18525 | Lair:1   | Reached skill level 12 in Ice Magic
 18526 | Lair:1   | Reached XP level 12. HP: 59/74 MP: 16/26
 18869 | Lair:1   | Reached skill level 1 in Staves
 19110 | Lair:1   | Learned a level 2 spell: Call Imp
 19487 | Lair:1   | Noticed a six-headed hydra
 19488 | Lair:1   | Noticed an eight-headed hydra
 19492 | Lair:1   | Killed a six-headed hydra
 19495 | Lair:1   | Killed an eight-headed hydra
 20117 | Lair:2   | HP: 3/74 [swamp worm/harpoon shot (12)]
 20361 | Lair:2   | Learned a level 2 spell: Blink
 20391 | Lair:2   | Noticed a four-headed hydra
 20391 | Lair:2   | HP: 2/74 [swamp worm/harpoon shot (7)]
 20392 | Lair:2   | Mangled by a swamp worm

Illustrated notes

Levels and vault maps discovered:
D:1:      nagdon_arrival_zigzag_paths, layout_loops_corners
D:2:      layout_basic
D:3:      layout_basic, chequers_ecumenical_altar_twisty, uniq_natasha
D:4:      layout_loops_cross, lemuel_round_altar, dk_vineyard_3, uniq_ijyb
D:5:      layout_rooms, serial_shops, nicolae_shop_competitors_out_of_business,
          uniq_eustachio
D:6:      layout_basic, uniq_menkaure
D:7:      layout_gridville, minmay_temple_entry_hall
D:8:      layout_basic, minmay_misc_feat_tower
D:9:      layout_cave_pools, kennysheep_another_room, minmay_misc_feat_columns
D:10:     layout_roguey, serial_shops, shop_fountains
D:11:     layout_irregular_city, due_lair_maze_entry_diamond, erik_orc_2,
          serial_column_ruins, column_ruins_columns_water,
          column_ruins_open_tiny, column_ruins_corridor_plus,
          column_ruins_open_small, minmay_sticks_and_stones, uniq_grum
Lair:1:   layout_loops_ring, grunt_forest_large_clearings
Lair:2:   layout_cellular_growth, minmay_swamp_entry_eels,
          minmay_snake_entry_spellcaster, minivault_26, worms_lemuel

Skill      XL: |  1  2  3  4  5  6  7  8  9 10 11 12 |
---------------+-------------------------------------+-----
Ice Magic      | 5 6 7 8 9 10 12 | 12.6
Stealth        | 3 4 5 |  5.7
Spellcasting   | 3 4 5 6 7 9 10 11 | 11.2
Dodging        | 3 4 6 8 9 10 11 | 11.7
Evocations     | 1 |  1.7
Summonings     | 1 2 3 |  3.4
Maces & Flails | 1 2 |  2.7
Conjurations   | 1 |  1.9
Staves         | 1 |  1.0
Hexes          | |  0.1

Action                   |  1- 3 |  4- 6 |  7- 9 | 10-12 || total
-------------------------+-------+-------+-------+-------++-------
Melee: Dagger            |     3 |    11 |   164 |       ||   178
       Morningstar       |       |       |    26 |    37 ||    63
       Quarterstaff      |       |       |       |    29 ||    29
 Cast: Freeze            |    40 |    44 |    96 |    99 ||   279
       Ozocubu's Armour  |     1 |     3 |     8 |     3 ||    15
       Frozen Ramparts   |       |     8 |    24 |    53 ||    85
       Summon Ice Beast  |       |       |    11 |    48 ||    59
       Hailstorm         |       |       |     5 |    58 ||    63
       Ensorcelled Hiber |       |       |       |     2 ||     2
       Call Imp          |       |       |       |     2 ||     2
       Blink             |       |       |       |     1 ||     1
Invok: Curse Item        |       |     1 |     2 |     3 ||     6
       Scrying           |       |       |     1 |       ||     1
Evoke: Wand              |       |       |    18 |     1 ||    19
  Use: Scroll            |     8 |     1 |     4 |    13 ||    26
       Potion            |     1 |       |     8 |     1 ||    10
 Stab: Sleeping          |       |     1 |     3 |     1 ||     5
       Distracted        |       |       |       |     1 ||     1
Armor: Robe              |       |     5 |    52 |    40 ||    97
Dodge: Dodged            |    25 |    26 |   241 |   348 ||   640

Table legend: (Time is in decaauts)
 A = Elapsed time spent in this place.
 B = Non-inter-level travel time spent in this place.
 C = Inter-level travel time spent in this place.
 D = Time resting spent in this place.
 E = Time spent auto-exploring this place.
 F = Levels seen in this place.
 G = Mean time per level.
                   A        B        C        D        E       F      G
               +--------+--------+--------+--------+--------+-----+--------+
         Total |  20381 |  19782 |    599 |   7310 |   9338 |  13 | 1567.8 |
       Dungeon |  18507 |  17939 |    568 |   6473 |   8742 |  11 | 1682.5 |
          Lair |   1873 |   1842 |     31 |    837 |    596 |   2 |  936.5 |
               +--------+--------+--------+--------+--------+-----+--------+

Top non-repeatable levels by time:
    D:11: 3923 daAuts
     D:6: 2773 daAuts
     D:4: 2033 daAuts
     D:3: 1648 daAuts
     D:8: 1644 daAuts
  Lair:1: 1539 daAuts
    D:10: 1350 daAuts
     D:9: 1162 daAuts
     D:2: 1157 daAuts
     D:1: 1070 daAuts
     D:7: 905 daAuts
     D:5: 837 daAuts
  Lair:2: 334 daAuts
